 Dungeon Crawl Stone Soup version 0.29.0-11-gd7f09526c8 (webtiles) character file.

Game seed: 3495870321624857233

105 greasedhog the Sneak (level 4, -3/57 HPs)
             Began as a Demigod Delver on Sept 4, 2022.
             Slain by Terence
             ... wielding a +0 flail
              (7 damage)
             ... on level 3 of the Dungeon.
             The game lasted 00:03:44 (3130 turns).

greasedhog the Sneak (Demigod Delver)               Turns: 3130, Time: 00:03:44

Health: -3/57      AC:  7    Str: 17    XL:     4   Next: 29%
Magic:  6/6        EV: 11    Int: 12    God:
Gold:   35         SH:  0    Dex: 15    Spells: 3/3 levels left

rFire   . . .      SeeInvis .   a - +0 hand axe
rCold   . . .      Faith    .   (no shield)
rNeg    . . .      Spirit   .   i - +1 ring mail
rPois   .          Reflect  .   (no helmet)
rElec   .          Harm     .   f - +0 cloak
rCorr   .          Rampage  .   (no gloves)
Will    .....                   (no boots)
Stlth   ..........              j - amulet of the acrobat
HPRegen 0.19/turn               (no ring)
MPRegen 0.10/turn               (no ring)

@: berserking, flying, invisible (expiring), very quick
A: high MP 1, forlorn, divine attributes
a: no special abilities


You were on level 3 of the Dungeon.
You visited 1 branch of the dungeon, and saw 5 of its levels.

You collected 35 gold pieces.

Inventory:

Hand Weapons
 a - a +0 hand axe (weapon)
Armour
 f - a +0 cloak (worn)
 i - a +1 ring mail (worn)
Jewellery
 j - an amulet of the acrobat (around neck)
Wands
 g - a wand of digging (3)
 n - a wand of flame (26)
Scrolls
 c - a scroll of fog
Potions
 d - a potion of flight
 e - 2 potions of invisibility
 k - a potion of attraction {unknown}
 m - 2 potions of curing {unknown}
 p - a potion of heal wounds {unknown}


   Skills:
 + Level 3.3 Fighting
 + Level 2.6 Axes
 + Level 2.6 Dodging
 + Level 5.0 Stealth


You had 3 spell levels left.
You didn't know any spells.
Your spell library was empty.

Dungeon Overview and Level Annotations

Branches:
Dungeon (5/15)
 Temple: D:4-7

Annotations:
D:3 Sigmund, Terence


Innate Abilities, Weirdness & Mutations

You have an increased reservoir of magic. (+10% MP)
You shall have no god before yourself.
Your divine heritage dramatically boosts your attributes as you level up.


Message History

Terence hits you with a +0 flail!
You closely miss Terence.
Terence is heavily wounded.
You start resting.
Terence is nearby!
You start resting.
Terence is nearby!
Terence misses you.
It was a potion of flight.
You feel very buoyant.
You fly up into the air.
Terence closely misses you.
You catch the helpless Terence completely off-guard!
You hit Terence.
Terence is heavily wounded.
Terence barely misses you.
You barely miss Terence.
Terence is heavily wounded.
You hit Terence but do no damage.
Terence is heavily wounded.
Terence misses you. Terence closely misses you.
You hit Terence but do no damage.
Terence is heavily wounded.
Terence misses you.
You hit Terence but do no damage.
Terence is heavily wounded.
Terence hits you with a +0 flail!
* * * LOW HITPOINT WARNING * * *
You barely miss Terence.
Terence is heavily wounded.
Terence misses you.
It was a potion of berserk rage.
A red film seems to cover your vision as you go berserk!
You feel yourself moving faster!
You feel mighty! Terence hits you with a +0 flail.
* * * LOW HITPOINT WARNING * * *
You hit Terence but do no damage.
Terence is heavily wounded.
You flicker for a moment.
Terence hits you with a +0 flail!
You die...

###**************
#..,,,,,,,,,,,,,,
#.#**************
#.# #.# ######.#
#<[..@@# #####†.#
#..# ********
#..######**,,,,,,,
#.........*,******
#[#######.*,* #.#
*,*,* #.# *,*,* **
#.# *,*,* *,


You could see Terence (unable to see you).

Vanquished Creatures
  3 adders (D:2)
  3 gnolls
  A worm (D:2)
  A dart slug (D:2)
  4 endoplasms
  7 giant cockroaches
  4 hobgoblins
  3 quokkas
  2 ball pythons
  2 bats (D:1)
  3 frilled lizards
  6 kobolds
  8 rats
47 creatures vanquished.

Vanquished Creatures (others)
  4 plants (D:2)
4 creatures vanquished.

Grand Total: 51 creatures vanquished

Notes
Turn   | Place    | Note
-------+----------+-------------------------------------------
     0 | D:5      | greasedhog the Demigod Delver began the quest for the Orb.
     0 | D:5      | Reached XP level 1. HP: 18/18 MP: 3/3
    46 | D:4      | Noticed a gnoll sergeant
   202 | D:3      | Noticed Sigmund
   958 | D:1      | Reached XP level 2. HP: 25/25 MP: 4/4
  1657 | D:2      | Reached XP level 3. HP: 16/31 MP: 5/5
  2234 | D:2      | Reached skill level 5 in Stealth
  2315 | D:2      | Reached XP level 4. HP: 34/38 MP: 6/6
  3071 | D:3      | Noticed Terence
  3130 | D:3      | Slain by Terence

Illustrated notes

Levels and vault maps discovered:
D:1:      ncdulo_halloftheorcs, layout_loops_ring
D:2:      layout_loops_ring, serial_forest, infiniplex_forest_diagonal,
          infiniplex_forest_clump_medium, infiniplex_forest_end_double,
          infiniplex_forest_lined_1, infiniplex_forest_corner_1,
          infiniplex_forest_lined_3_way, infiniplex_forest_lined_room_3,
          infiniplex_forest_clump_C
D:3:      layout_basic, uniq_terence, uniq_crazy_yiuf_cottage, uniq_sigmund
D:4:      layout_rooms, minmay_manual_monstrance
D:5:      layout_loops_cross, grunt_temple_overflow_open, nicolae_stop_n_shop_1,
          chequers_arboretum

Skill      XL: |  1  2  3 |
---------------+----------+-----
Axes           | 2 |  2.6
Dodging        | 2 |  2.6
Fighting       | 3 |  3.3
Stealth        | 5 |  5.0

Action                   |  1- 3 |  4- 6 || total
-------------------------+-------+-------++-------
Melee: Hand axe          |   120 |    56 ||   176
       Punch             |     1 |       ||     1
Evoke: Wand              |       |     3 ||     3
  Use: Scroll            |     3 |     4 ||     7
       Potion            |     1 |     3 ||     4
 Stab: Sleeping          |     4 |     3 ||     7
       Invisible         |       |     2 ||     2
Armor: Ring mail         |    47 |    15 ||    62
Dodge: Dodged            |    75 |    36 ||   111
